 Dungeon Sprint DCSS version 0.18-a0-46-g45ca8e4 (console) character file.

0 Kellhus the Conjurer (level 1, 0/10 HPs)
             Began as a Deep Elf Conjurer on Nov 6, 2015.
             Slain by an orc wizard
             ... wielding a +0 dagger
              (1 damage)
             ... in the Dungeon (Sprint VI: "Thunderdome").
             The game lasted 00:00:28 (42 turns).

Kellhus the Conjurer (Deep Elf Conjurer)              Turns: 42, Time: 00:00:28

Health: 0/10       AC:  2    Str:  5    XL:     1   Next: 8%
Magic:  6/6        EV: 13    Int: 19    God:
Gold:   200        SH:  0    Dex: 15    Spells: 1 memorised, 5 levels left

rFire  . . .     SeeInvis .     (no weapon)
rCold  . . .     Clarity  .     a - +0 robe
rNeg   . . .     SustAt   .     (no shield)
rPois  .         Gourm    .     (no helmet)
rElec  .         Spirit   .     (no cloak)
rCorr  .         Warding  .     (no gloves)
rMut   .         NoTele   +     (no boots)
MR     .....                    (no amulet)
Stlth  ++........               (no ring)
                                (no ring)

@: not resistant to hostile enchantments, unstealthy
A: no striking features
a: no special abilities


You were in the Dungeon.
You were not hungry.

You visited 1 branch You collected 200 gold pieces.

Inventory:

Armour
 a - a +0 robe (worn)
Wands
 k - a wand of cold (5)
 l - a wand of fire (5)
Scrolls
 i - 4 scrolls of blinking
 m - 3 scrolls of fog
Potions
 d - a potion of curing
 e - 4 potions of heal wounds
 f - 4 potions of haste
 g - 2 potions of magic
 h - a potion of berserk rage
 j - a potion of resistance
Books
 b - a book of Conjurations

   Spells                             Type                      Level
   a - Magic Dart                     Conjuration                  1
   b - Searing Ray                    Conjuration                  2
   c - Dazzling Spray                 Conjuration/Hexes            3
   d - Fulminant Prism                Conjuration/Hexes            4
   e - Iskenderun's Mystic Blast      Conjuration                  4
   f - Iskenderun's Battlesphere      Conjuration/Charms           5
Comestibles
 c - a bread ration


   Skills:
 - Level 2.4 Dodging
 - Level 2.4 Stealth
 + Level 3.3 Spellcasting
 + Level 4.6 Conjurations


You had 5 spell levels left.
You knew the following spells:

 Your Spells              Type           Power        Failure   Level  Hunger
a - Magic Dart            Conj           ###.         2%          1    None


Dungeon Overview and Level Annotations

Branches:
Dungeon (1/1)

Altars:
Dithmenos
Fedhas
Gozag
Kikubaaqudgha
Makhleb
Okawaru
Qazlal
Ru
Sif Muna
Trog
Vehumet
Xom
Yredelemnul
Zin
The Shining One
Jiyva
Lugonu

Shops:
D *[%??*?*:[((


Message History

The giant cockroach misses you.
You barely miss the giant cockroach.
The giant cockroach is moderately wounded.
The giant cockroach misses you.
You hit the giant cockroach but do no damage.
The giant cockroach is moderately wounded.
The giant cockroach waves its antennae.
The giant cockroach bites you but does no damage.
The orc wizard completely misses you.
You closely miss the giant cockroach.
The giant cockroach is moderately wounded.
The giant cockroach misses you. The orc wizard hits you with a dagger.
You hit the giant cockroach.
You kill the giant cockroach!
The orc wizard hits you with a dagger.
* * * LOW HITPOINT WARNING * * *
You closely miss the jackal. The jackal bites you.
* * * LOW HITPOINT WARNING * * *
The jackal closely misses you. The orc wizard hits you with a dagger.
You die...

#### ##⌠⌠⌠# #.....
##.....## ##∩.....∩##
#∩.......∩# #_.......@#
#_......oh# #_......._#
###.........###
#⌠...........§#
######.8.........8.###
#∩_._......###.......__
∩........8.# #.8....o..
...........###..........
........###...###.......
........# #.<.# ...h...


You could see an orc wizard and a jackal.

Vanquished Creatures
  A giant cockroach (D)
1 creature vanquished.

Notes
Turn   | Place    | Note
--------------------------------------------------------------
     0 | D        | Kellhus the Deep Elf Conjurer began the quest for the Orb.
     0 | D        | Reached XP level 1. HP: 10/10 MP: 6/6
     3 | D        | Found a sacrificial altar of Ru.
     3 | D        | Found a stormy altar of Qazlal.
     4 | D        | Found a glowing silver altar of Zin.
     4 | D        | Found a shimmering altar of Xom.
     5 | D        | Found a deep blue altar of Sif Muna.
     5 | D        | Round 1.
     6 | D        | Found Quireakh's Weapon Rack.
     6 | D        | Found Apanieb's Premium Goods.
     7 | D        | Found Onleph's Basic Armour.
     7 | D        | Found Huggyuf's Miscellaneous Merchandise.
     9 | D        | Found a blossoming altar of Fedhas.
    11 | D        | Found an iron altar of Okawaru.
    12 | D        | Found Morucoe's Identification Station.
    12 | D        | Found an ancient bone altar of Kikubaaqudgha.
    12 | D        | Found an opulent altar of Gozag.
    12 | D        | Found Anwy's Bee Food.
    14 | D        | Found Decim's Advanced Armour.
    14 | D        | Found Nogug's Jewellery.
    16 | D        | Found a basalt altar of Yredelemnul.
    17 | D        | Found a corrupted altar of Lugonu.
    18 | D        | Found a viscous altar of Jiyva.
    23 | D        | Found a shadowy altar of Dithmenos.
    24 | D        | Found a glowing golden altar of the Shining One.
    24 | D        | Found a burning altar of Makhleb.
    25 | D        | Found a radiant altar of Vehumet.
    26 | D        | Found Nitsiw's Staff Store.
    26 | D        | Found Beerchergh's Magic Scroll Shop.
    27 | D        | Found Teotefe's Must-Have Magic.
    27 | D        | Found Xaenod's Magic Scroll Shop.
    28 | D        | Found a bloodstained altar of Trog.
    28 | D        | Noticed an orc wizard
    42 | D        | Slain by an orc wizard

Vault maps used:
D:        arena_sprint

Action                   || total
-------------------------++-------
Melee: Unarmed           ||     7
